 Dungeon Crawl Stone Soup version 0.23.2-1-ga50397a (webtiles) character file.

Game seed: 7334574485110352183

62 troglodite the Skirmisher (level 3, 0/29 HPs)
             Began as a Demonspawn Fighter on May 21, 2019.
             Succumbed to an adder's poison
             ... on level 2 of the Dungeon.
             The game lasted 00:05:39 (1501 turns).

troglodite the Skirmisher (Demonspawn Fighter)      Turns: 1501, Time: 00:05:40

Health: 0/29       AC:  6    Str: 16    XL:     3   Next: 85%
Magic:  3/3        EV:  8    Int:  9    God:
Gold:   37         SH:  9    Dex: 13    Spells: 2/2 levels left

rFire    . . .     SeeInvis .   a - +0 long sword
rCold    . . .     Gourm    .   c - +0 shield
rNeg     . . .     Faith    .   g - +0 ring mail (curse)
rPois    .         Spirit   .   (no helmet)
rElec    .         Reflect  .   (no cloak)
rCorr    .         Harm     .   (no gloves)
MR       .....                  (no boots)
Stlth    +.........             (no amulet)
HPRegen  0.09/turn              (no ring)
MPRegen  0.08/turn              (no ring)

@: lethally poisoned (0 -> -3)
A: claws 1, rugged brown scales 1
a: no special abilities


You were on level 2 of the Dungeon.
You were not hungry.

You visited 1 branch of the dungeon, and saw 2 of its levels.

You collected 37 gold pieces.

Inventory:

Hand Weapons
 a - a +0 long sword (weapon)
Armour
 c - a +0 shield (worn)
 g - a cursed +0 ring mail (worn)
 l - a +0 plate armour
Scrolls
 b - a scroll of enchant armour {unknown}
 e - a scroll of teleportation {unknown}
 i - a scroll of blinking {unknown}
 j - a scroll of identify {unknown}
 k - a scroll of random uselessness {unknown}
Potions
 d - a potion of might
Comestibles
 f - 2 rations
 h - a chunk of flesh


   Skills:
 * Level 3.6 Fighting
 * Level 2.2 Long Blades
 * Level 2.9 Armour
 + Level 0.3 Dodging
 + Level 0.8 Stealth
 * Level 3.1 Shields


You had 2 spell levels left.
You didn't know any spells.
Your spell library was empty.

Dungeon Overview and Level Annotations

Branches:
Dungeon (2/15)

Altars:
Cheibriados

Annotations:
D:2 Jessica


Innate Abilities, Weirdness & Mutations

You have sharp fingernails.
You are partially covered in rugged brown scales. (AC +1, +3% HP)


Message History

You feel sick. You block the adder's attack.
You barely miss the adder.
The adder is severely wounded.
* * * LOW HITPOINT WARNING * * *
You feel sick. The adder barely misses you.
You riposte.
You hit the adder.
The adder is almost dead.
The adder bites you but does no damage.
Your shield and ring mail prevent you from hitting the adder.
The adder is almost dead.
The adder closely misses you. Jessica completely misses you.
You block the adder's attack.
Unknown command.
You hit the adder.
You kill the adder!
Jessica looks very angry.
Jessica hits you but does no damage. You block Jessica's attack.
Unknown command.
You hit Jessica.
Jessica is severely wounded.
You die...

# ##.#....#
#%##.#.....#
.#.#.#......#
#.#.#.......#
#.#........#
#(........#
#.........#
#...8.....#
##8.†@8...#
#...@.....#
#...$.....#
#.#........#
............#
.#.#........#
..#.........#
..#....$....#
##8...8...#


You could see Jessica.

Vanquished Creatures
  2 adders (D:2)
  An ooze (D:1)
  A worm (D:2)
  3 leopard geckos
  6 bats (D:1)
  6 goblins
  6 hobgoblins
  4 kobolds (D:1)
  2 rats (D:1)
31 creatures vanquished.

Notes
Turn   | Place    | Note
-------+----------+-------------------------------------------
     0 | D:1      | troglodite the Demonspawn Fighter began the quest for the
                  | Orb.
     0 | D:1      | Reached XP level 1. HP: 18/18 MP: 1/1
   138 | D:1      | Found a snail-covered altar of Cheibriados.
   164 | D:1      | Gained mutation: You are partially covered in rugged brown
                  | scales. (AC +1, +3% HP) [demonic ancestry]
   164 | D:1      | Reached XP level 2. HP: 12/24 MP: 2/2
   715 | D:1      | Gained mutation: You have sharp fingernails. [demonic
                  | ancestry]
   715 | D:1      | Reached XP level 3. HP: 26/29 MP: 3/3
  1479 | D:2      | Noticed Jessica
  1498 | D:2      | HP: 1/29 [poisoned by an adder]
  1501 | D:2      | Succumbed to an adder's poison

Skill      XL: |  1  2 |
---------------+-------+-----
Long Blades    | 2 |  2.2
Shields        | 3 |  3.1
Fighting       | |  3.6
Armour         | |  2.9
Dodging        | |  0.3
Stealth        | |  0.8

Action                   || total
-------------------------++-------
Melee: Long sword        ||   118
  Eat: Chunk             ||     2
Armor: Ring mail         ||    60
Dodge: Dodged            ||    39
Block: Shield            ||    64
       Rpst.: Long sword ||    17
